 Dungeon Crawl Stone Soup version 0.27.1-1-g398f81649c (webtiles) character file.

Game seed: 11813353833472942538

32 Descartes the Sneak (level 3, -3/22 HPs)
             Began as a Deep Elf Delver on Sept 20, 2021.
             Slain by a scorpion (7 damage)
             ... on level 4 of the Dungeon.
             The game lasted 00:01:13 (364 turns).

Descartes the Sneak (Deep Elf Delver)                Turns: 364, Time: 00:01:14

Health: -3/22      AC:  3    Str: 10    XL:     3   Next: 8%
Magic:  5/5        EV: 12    Int: 14    God:
Gold:   8          SH:  0    Dex: 16    Spells: 2/2 levels left

rFire    . . .     SeeInvis .   a - +0 short sword
rCold    . . .     Faith    .   (no shield)
rNeg     . . .     Spirit   .   b - +0 leather armour
rPois    .         Reflect  .   (no helmet)
rElec    .         Harm     .   (no cloak)
rCorr    .         Rampage  .   (no gloves)
Will     .....                  (no boots)
Stlth    +++.......             (no amulet)
HPRegen  0.07/turn              (no ring)
MPRegen  0.09/turn              (no ring)

@: no status effects
A: no striking features
a: no special abilities


You were on level 4 of the Dungeon.
You visited 1 branch of the dungeon, and saw 2 of its levels.

You collected 8 gold pieces.

Inventory:

Hand Weapons
 a - a +0 short sword (weapon)
Armour
 b - a +0 leather armour (worn)
Wands
 g - a wand of digging (3)
Scrolls
 c - a scroll of fog
 e - a scroll of fear
Potions
 f - a potion of haste


   Skills:
 - Level 2.4 Fighting
 - Level 2.0 Short Blades
 - Level 2.4 Dodging
 + Level 7.3 Stealth


You had 2 spell levels left.
You didn't know any spells.
Your spell library was empty.

Dungeon Overview and Level Annotations

Branches:
Dungeon (5/15)
 Temple: D:4-7

Altars:

Shops:
D:5 *


Message History

You hit the ball python.
You kill the ball python!
You hear the slow rusting of a very distant drain.
You hear the slow rusting of a very distant drain.
You hear the rusting of a very distant drain.
You hear the rusting of a very distant drain.
You hear the brisk rusting of a very distant drain.
HP restored.
Found a stone staircase leading down.
Found an escape hatch in the ceiling.
A scorpion comes into view.
You hit the scorpion but do no damage. The scorpion closely misses you.
You hit the scorpion but do no damage.
The scorpion stings you but does no damage.
You barely miss the scorpion. The scorpion stings you! The scorpion stings you.
You barely miss the scorpion. The scorpion stings you.
You are too injured to fight recklessly!
You are too injured to fight recklessly!
You are too injured to fight recklessly!
You are too injured to fight recklessly!
You are too injured to fight recklessly!
You are too injured to fight recklessly!
You hit the scorpion.
The scorpion is moderately wounded.
The scorpion closely misses you.
You are too injured to fight recklessly!
You hit the scorpion.
The scorpion is moderately wounded.
The scorpion stings you.
* * * LOW HITPOINT WARNING * * *
You hit the scorpion.
The scorpion is heavily wounded.
The scorpion barely misses you.
You hit the scorpion but do no damage.
The scorpion is heavily wounded.
The scorpion closely misses you. x2
You hit the scorpion but do no damage.
The scorpion is heavily wounded.
The scorpion stings you!
You die...

......>..#.#.#.#**##**,,,,,,,,,**
####.#####.....#*,.,,,,*,,,,,,,,, #.*
#.....###*.#*****,,,,,,,,, #,*
#.....####.# *,,,,,,,,, *,* #..........#
*,,,,,,,,, *,* #........###
****,,,,,,,,, *,* #.....#..#
*,**,<,,,,^,, *,* #.....#..##
*,,*,,,,,,,,, *,* #.....#.>@#
*,,*,,,,,,,,,
*,**#.....#.,......####..**,,,*,********
***#####.,,*##..,,*,*,** *,
***,,,,...,,,,,,** *,
*********,....,,**,,*****,
*,,,,,,,,,.#...,***,,,,,,,
*,,,,,,,,,.##.#.,,**,*,,,,
*,,,,,,,,,,**,*,,,,,,*,,,,


You could see a scorpion.

Vanquished Creatures
  A hound (D:5)
  A dart slug (D:4)
  A ball python (D:4)
3 creatures vanquished.

Notes
Turn   | Place    | Note
-------+----------+-------------------------------------------
     0 | D:5      | Descartes the Deep Elf Delver began the quest for the Orb.
     0 | D:5      | Reached XP level 1. HP: 13/13 MP: 3/3
    20 | D:5      | Found Tiphaam's General Store.
    21 | D:5      | Noticed a hound
    26 | D:5      | Killed a hound
    27 | D:5      | Reached skill level 7 in Stealth
    27 | D:5      | Reached XP level 2. HP: 18/18 MP: 4/4
    69 | D:4      | Reached XP level 3. HP: 3/22 MP: 5/5
   351 | D:4      | Noticed a scorpion
   364 | D:4      | Slain by a scorpion

Illustrated notes

Levels and vault maps discovered:
D:4:      layout_rooms, cheibrodos_sewer_entry_bend, glass_columns_a,
          uniq_natasha
D:5:      layout_rooms, nicolae_overflow_crystal_walls, serial_shops, shop

Skill      XL: |  1 |
---------------+----+-----
Stealth        | 7 |  7.3
Fighting       | |  2.4
Short Blades   | |  2.0
Dodging        | |  2.4

Action                   || total
-------------------------++-------
Melee: Short sword       ||    29
  Use: Scroll            ||     1
 Stab: Sleeping          ||     2
Armor: Leather armour    ||    16
Dodge: Dodged            ||    36
